 Dungeon Crawl Stone Soup version 0.21.1-1-g345015f (webtiles) character file.

94009 Wehk the Nimble (level 16, 0/100 HPs)
             Began as a Tengu Air Elementalist on Mar 6, 2018.
             Was a High Priest of Vehumet.
             Slain by a redback (10 damage)
             ... on level 1 of the Spider Nest on Mar 7, 2018.
             The game lasted 03:13:27 (38484 turns).

Wehk the Nimble (Tengu Air Elementalist)           Turns: 38484, Time: 03:13:28

Health: 0/100      AC:  4    Str: 12    XL:     16   Next: 10%
Magic:  21/29      EV: 28    Int: 24    God:    Vehumet [*****.]
Gold:   2346       SH:  6    Dex: 20    Spells: 2/31 levels left

rFire    + . .     SeeInvis .   e - staff of poison
rCold    + . .     Gourm    .   t - +0 buckler
rNeg     . . .     Faith    .   P - +3 leather armour of Wisdom {*Corrode Int+2 Dex+4 Stlth+}
rPois    +         Spirit   .   (helmet restricted)
rElec    .         Reflect  .   a - +2 cloak {MR+}
rCorr    .         Harm     .   l - +2 pair of gloves
MR       ++...                  (boots unavailable)
Stlth    ++++++....             (no amulet)
HPRegen  0.26/turn              N - ring of protection from fire
MPRegen  0.21/turn              y - ring of Xuliref {rC+ Str+4 Stlth+}

@: about to teleport, corroded, flying quickly and evasively, quick
A: beak, talons 3, able to fly 2
a: Stop Flying, Renounce Religion


You were on level 1 of the Spider Nest.
You worshipped Vehumet.
Vehumet was extremely pleased with you.
You were not hungry.

You visited 5 branches of the dungeon, and saw 25 of its levels.
You also visited: Labyrinth.

You collected 2880 gold pieces.
You spent 534 gold pieces at shops.

Inventory:

Hand Weapons
 q - a +4 dagger of electrocution
Missiles
 J - 6 javelins of penetration
 K - 6 javelins (quivered)
Armour
 a - a +2 cloak of magic resistance (worn)
 l - a +2 pair of gloves (worn)
 t - a +0 buckler (worn)
 P - the +3 leather armour of Wisdom (worn) {*Corrode Int+2 Dex+4 Stlth+}
   (You found it on level 3 of the Lair of Beasts)

   It affects your intelligence (+2).
   It affects your dexterity (+4).
   It may corrode you when you take damage.
   It makes you more stealthy.
Magical Staves
 e - an uncursed staff of poison (weapon)
 w - an uncursed staff of energy {!a}
Jewellery
 y - the ring of Xuliref (right hand) {rC+ Str+4 Stlth+}
   (You took it off a minotaur in a labyrinth)

   [ring of stealth]

   It affects your strength (+4).
   It protects you from cold.
   It makes you more stealthy.
 B - an uncursed ring of positive energy
 N - a ring of protection from fire (left hand)
 S - an uncursed ring of resist corrosion
Wands
 f - a wand of flame (27)
 A - a wand of clouds (8)
 L - a wand of scattershot (3)
 T - a wand of acid (5)
 W - a wand of paralysis (13)
Scrolls
 b - 4 scrolls of teleportation
 d - 3 scrolls of enchant armour
 m - 6 scrolls of remove curse
 p - 4 scrolls of magic mapping
 s - 2 scrolls of summoning {unknown}
 v - a scroll of enchant weapon
 E - 5 scrolls of amnesia
 H - a scroll of fog
 I - 4 scrolls of vulnerability {unknown}
 U - a scroll of immolation
 Y - a scroll of brand weapon
 Z - a scroll of acquirement {!r}
Potions
 h - 3 potions of berserk rage
 i - 3 potions of agility
 j - a potion of invisibility
 k - a potion of heal wounds
 o - 3 potions of haste {unknown}
 r - a potion of ambrosia
 u - 8 potions of mutation {unknown}
 z - 3 potions of cancellation
 D - 3 potions of curing
 G - 3 potions of resistance {unknown}
 M - 2 potions of might
 R - 4 potions of brilliance {unknown}
Books
 c - a book of Air

   Spells                             Type                      Level
   a - Shock                          Conjuration/Air              1
   b - Swiftness                      Charms/Air                   2
   c - Static Discharge               Conjuration/Air              3
   d - Airstrike                      Air                          4
   e - Lightning Bolt                 Conjuration/Air              5
 x - a book of Summonings

   Spells                             Type                      Level
   a - Recall                         Summoning/Translocation      3
   b - Aura of Abjuration             Summoning                    5
   c - Summon Demon                   Summoning                    5
   d - Summon Forest                  Summoning/Translocation      5
   e - Summon Mana Viper              Hexes/Summoning              5
   f - Shadow Creatures               Summoning                    6
 V - a book of Necromancy

   Spells                             Type                      Level
   a - Pain                           Necromancy                   1
   b - Animate Skeleton               Necromancy                   1
   c - Vampiric Draining              Necromancy                   3
   d - Regeneration                   Charms/Necromancy            3
   e - Animate Dead                   Necromancy                   4
   f - Borgnjor's Vile Clutch         Necromancy/Earth             5
Miscellaneous
 X - a lamp of fire (inert)
Comestibles
 g - 28 rations
 n - 6 chunks of flesh


   Skills:
 * Level 11.4 Fighting
 - Level 5.1 Short Blades
 - Level 4.2 Staves
 - Level 3.7 Armour
 + Level 14.6 Dodging
 - Level 9.0 Stealth
 - Level 4.0 Shields
 - Level 8.0 Spellcasting
 - Level 13.0 Conjurations
 - Level 2.0 Charms
 - Level 6.0 Fire Magic
 - Level 13.0 Air Magic
 - Level 2.0 Poison Magic
 - Level 8.0 Evocations


You had 2 spell levels left.
You knew the following spells:

 Your Spells              Type           Power        Failure   Level  Hunger
a - Shock                 Conj/Air       ####         1%          1    None
b - Mephitic Cloud        Conj/Pois/Air  ######..     1%          3    None
c - Conjure Flame         Conj/Fire      ######..     1%          3    None
d - Static Discharge      Conj/Air       ######..     1%          3    None
e - Airstrike             Air            ######....   1%          4    ##.....
f - Sticky Flame          Conj/Fire      ######..     1%          4    ##.....
g - Regeneration          Chrm/Necr      ##........   16%         3    None
s - Sting                 Conj/Pois      ####         1%          1    None
B - Lightning Bolt        Conj/Air       ######....   1%          5    #####..
T - Swiftness             Chrm/Air       #####...     1%          2    None


Dungeon Overview and Level Annotations

Branches:
Dungeon (15/15)            Temple (1/1) D:4            Lair (6/6) D:10
 Shoals (0/4) Lair:2       Spider (1/4) Lair:3        Slime (0/5) Lair:5
    Orc (2/2) D:11            Elf (0/3) Orc:2        Vaults (0/5) D:13
 Depths: D:15

Altars:
Ashenzari
Cheibriados
Dithmenos
Elyvilon
Fedhas
Gozag
Hepliaklqana
Kikubaaqudgha
Makhleb
Nemelex Xobeh
Okawaru
Qazlal
Ru
Sif Muna
Trog
Uskayaw
Vehumet
Wu Jian
Xom
Yredelemnul
Zin
The Shining One
Beogh

Shops:
Orc:2 [**%

Portals:
Hell: Lair:6
Trove: D:12 (give 2 scrolls of acquirement)

Annotations:
D:1 exclusion: 2 downstairs
D:3 Grinder, Sigmund
D:4 exclusion: 2 downstairs
D:5 exclusion: downstairs
D:6 exclusions: 2 downstairs and upstairs
D:7 7 exclusions
D:8 exclusions: downstairs, two-headed ogre and upstairs
D:9 exclusion: downstairs
D:12 exclusion: downstairs
D:13 exclusion: downstairs
Lair:4 1 exclusion
Lair:5 exclusion: downstairs
Lair:6 1 exclusion


Innate Abilities, Weirdness & Mutations

You have a beak for a mouth.
You have claws for feet.
You can fly continuously.


Message History

Unknown command.
You feel much better. The redback misses you. The redback bites you!
The redback misses you. You block the redback's attack. The redback misses you.
You block the redback's attack. The redback bites you!
* * * LOW HITPOINT WARNING * * *
The redback barely misses you.
You feel much better.
The redback bites you but does no damage.
The redback completely misses you. The redback bites you!
The redback completely misses you. The redback misses you.
The redback bites you!
* * * LOW HITPOINT WARNING * * *
The redback completely misses you. You block the redback's attack.
The redback misses you. The redback completely misses you.
You block the redback's attack. The redback bites you.
* * * LOW HITPOINT WARNING * * *
The redback closely misses you. x2; The redback bites you!
* * * LOW HITPOINT WARNING * * *
The redback bites you!
You die...

..###.##..##..#....#.##.##...####
#..#..#..#######.....####...##..#
#..#..#...#.^..#.#....#...###....
..##....####..#######.....#...##.
#..##..††.#..†...#..#...#.#...##.
....####....^#....†[....###..##..
#...## ##..#####......#...#..##.#
###..#......###sss###.#[.###..###
#...##....###..s@s.####..#...##..
..†##...#..#...sss## #.^##...#...
.###...######......######...##..#
## .... ##.########.#.#...###..#
.## #......##.......####...# #
##.?..........#.###...###
#########..####....######(#..####
..[#.#.#.^.# ##.### ##....####.
...........# ### #..#.###...


You could see 8 redbacks.

Vanquished Creatures
  Nessos (D:13)
  2 dire elephants (Lair:6)
  The ghost of soepske the Fighter, a journeyman DsFi of Okawaru (D:13)
  A minotaur (Lab)
  Erolcha (Orc:2)
  6 hydras
  A hell beast (Lair:6)
  A vault guard (D:12)
  A catoblepas (Lair:2)
  A centaur warrior (D:14)
  2 ogre magi (Orc:2)
  3 death yaks (Lair:6)
  14 two-headed ogres
  An orc high priest (Orc:2)
  2 deep trolls (Orc:2)
  4 unseen horrors
  A wizard (Lair:6)
  A lindwurm (Lair:5)
  A deep elf mage (D:13)
  2 orc knights
  3 ugly things
  3 orc sorcerers
  2 oklob plants (Lair:2)
  7 wolf spiders (Spider:1)
  6 orb spiders
  5 cyclopes
  2 black mambas (Lair:6)
  5 elephants
  An orange demon (Lair:6)
  A smoke demon (Lair:6)
  A torpor snail (Spider:1)
  9 spiny frogs
  2 centaur skeletons
  3 gargoyles
  2 rime drakes (Lair:6)
  4 demonic crawlers (Spider:1)
  10 komodo dragons
  2 ice devils (Lair:6)
  3 jumping spiders (Spider:1)
  3 red devils (Lair:6)
  17 trolls
  Prince Ribbit (D:7)
  A hornet (D:13)
  16 blink frogs
  6 hippogriffs
  5 slime creatures
  A snapping turtle (Lair:2)
  11 redbacks (Spider:1)
  45 yaks
  A shadow (D:13)
  15 tarantellas (Spider:1)
  2 vampires (D:13)
  3 wyverns
  2 wraiths (D:13)
  16 humans (D:13)
  Grum (D:10)
  4 vampire mosquitoes (D:12)
  Edmund (D:4)
  3 wargs
  Duvessa (D:5)
  2 acid dragons (D:12)
  4 hell hounds (Lair:6)
  18 water moccasins
  A hornet zombie (D:14)
  17 orc warriors
  9 porcupines
  17 ice beasts
  2 black bears (D:11)
  An eye of draining (D:13)
  6 phantoms
  2 sky beasts
  2 necrophages
  10 wolves
  7 centaurs
  31 ogres
  13 crocodiles
  Blork the orc (D:4)
  4 big kobolds
  16 bullfrogs
  A water moccasin zombie (D:8)
  5 scorpions
  A water moccasin skeleton (D:7)
  Dowan (D:5)
  56 killer bees
  4 howler monkeys
  11 wights
  2 electric eels (Spider:1)
  10 crimson imps
  2 bullfrog zombies
  2 quasits
  6 jellies
  12 orc priests
  7 hounds
  Crazy Yiuf (D:5)
  3 bullfrog skeletons
  A centaur zombie (D:5)
  Terence (D:3)
  4 hell rats
  An iguana (D:14)
  20 orc wizards
  8 worker ants
  A howler monkey zombie (D:9)
  4 gnolls (D:2)
  9 adders
  2 shadow imps
  3 oozes
  An adder skeleton (D:8)
  5 worms
  A dart slug (D:2)
  59 orcs
  10 bats
  9 giant cockroaches
  6 goblins
  5 hobgoblins
  15 jackals
  5 quokkas
  A ball python (D:5)
  3 frilled lizards
  A jackal skeleton (D:6)
  17 kobolds
  A leopard gecko zombie (D:5)
  9 rats
  3 butterflies
  4 fungi
  A plant (D:10)
770 creatures vanquished.

Vanquished Creatures (collateral kills)
  A tarantella (Spider:1)
  A redback (Spider:1)
  2 orcs (D:12)
4 creatures vanquished.

Vanquished Creatures (others)
  A hydra (D:12)
  2 wolf spiders
  An elephant (Lair:5)
  A bush (Lair:6)
  50 fungi
  25 plants
80 creatures vanquished.

Grand Total: 854 creatures vanquished

Notes
Turn   | Place    | Note
-------+----------+-------------------------------------------
     0 | D:1      | Wehk the Tengu Air Elementalist began the quest for the Orb.
     0 | D:1      | Reached XP level 1. HP: 10/10 MP: 4/4
   122 | D:1      | Reached XP level 2. HP: 12/15 MP: 1/6
   297 | D:1      | Learned a level 2 spell: Swiftness
   911 | D:1      | Reached XP level 3. HP: 18/19 MP: 0/7
  1408 | D:2      | Reached skill level 5 in Air Magic
  1409 | D:2      | Reached XP level 4. HP: 24/24 MP: 3/8
  2109 | D:3      | Gained mutation: You can fly. [Tengu growth]
  2109 | D:3      | Reached XP level 5. HP: 28/28 MP: 7/10
  2310 | D:3      | Noticed Sigmund
  2389 | D:3      | Noticed Terence
  2395 | D:3      | Learned a level 3 spell: Static Discharge
  2410 | D:3      | Killed Terence
  2544 | D:3      | Noticed Grinder
  2549 | D:4      | Found a glowing golden altar of the Shining One.
  2957 | D:4      | Reached skill level 1 in Fighting
  3050 | D:4      | Found a staircase to the Ecumenical Temple.
  3056 | Temple   | Entered the Ecumenical Temple
  3098 | Temple   | Became a worshipper of Vehumet
  3394 | D:4      | Reached skill level 3 in Dodging
  3394 | D:4      | Reached XP level 6. HP: 35/35 MP: 5/11
  3449 | D:4      | Noticed Edmund
  3452 | D:4      | Noticed Blork the orc
  3901 | D:4      | Killed Blork the orc
  4098 | D:4      | Killed Edmund
  4098 | D:4      | Reached XP level 7. HP: 27/40 MP: 1/12
  4468 | D:5      | Entered Level 5 of the Dungeon
  4488 | D:5      | Noticed Dowan
  4502 | D:5      | Killed Dowan
  4502 | D:5      | Reached skill level 4 in Dodging
  4739 | D:5      | Noticed Duvessa
  4787 | D:5      | Killed Duvessa
  5074 | D:5      | Found a runed door.
  5078 | D:5      | Noticed Crazy Yiuf
  5100 | D:5      | Killed Crazy Yiuf
  5409 | D:5      | Reached skill level 1 in Short Blades
  5685 | D:5      | Reached skill level 5 in Dodging
  5685 | D:5      | Reached XP level 8. HP: 48/48 MP: 7/13
  7147 | D:5      | Reached skill level 5 in Conjurations
  7318 | D:6      | Reached * piety under Vehumet
  7318 | D:6      | Offered knowledge of Sting by Vehumet.
  7318 | D:6      | Reached XP level 9. HP: 52/52 MP: 10/16
  7321 | D:6      | Learned a level 1 spell: Sting
  7635 | D:6      | Reached skill level 1 in Poison Magic
  7987 | D:7      | Reached skill level 1 in Charms
  8292 | D:5      | Found a stormy altar of Qazlal.
  8775 | D:7      | Reached skill level 5 in Spellcasting
  8832 | D:7      | Noticed a gargoyle
  8837 | D:7      | Learned a level 3 spell: Conjure Flame
  9066 | D:7      | Reached skill level 1 in Fire Magic
  9455 | D:7      | Reached skill level 5 in Fighting
  9793 | D:7      | Reached ** piety under Vehumet
  9793 | D:7      | Offered knowledge of Searing Ray by Vehumet.
  9869 | D:7      | Reached XP level 10. HP: 52/60 MP: 8/18
  9978 | D:7      | Noticed Prince Ribbit
 10007 | D:7      | Killed Prince Ribbit
 10398 | D:8      | Noticed a two-headed ogre
 11540 | D:9      | Reached skill level 6 in Dodging
 11603 | D:9      | Learned a level 4 spell: Sticky Flame
 11680 | D:9      | Noticed a two-headed ogre
 11687 | D:9      | Killed a two-headed ogre
 11687 | D:9      | Reached skill level 5 in Short Blades
 11757 | D:9      | Offered knowledge of Mephitic Cloud by Vehumet.
 11820 | D:9      | Learned a level 3 spell: Mephitic Cloud
 11925 | D:9      | Reached skill level 7 in Dodging
 12436 | D:9      | Reached skill level 8 in Dodging
 12724 | D:9      | Reached XP level 11. HP: 67/67 MP: 6/19
 12917 | D:9      | Noticed a two-headed ogre
 12917 | D:9      | Reached *** piety under Vehumet
 12917 | D:9      | Reached skill level 5 in Fire Magic
 12928 | D:9      | Killed a two-headed ogre
 13048 | D:9      | Found a deep blue altar of Sif Muna.
 13419 | D:10     | Entered Level 10 of the Dungeon
 13431 | D:10     | Found a staircase to the Lair.
 13465 | D:10     | Offered knowledge of Fulminant Prism by Vehumet.
 13489 | D:10     | Reached skill level 1 in Shields
 13785 | D:10     | Reached skill level 1 in Evocations
 13788 | D:10     | Noticed Grum
 13806 | D:10     | Reached **** piety under Vehumet
 14002 | D:10     | Killed Grum
 14801 | D:11     | Offered knowledge of Venom Bolt by Vehumet.
 14977 | D:11     | Found a staircase to the Orcish Mines.
 15156 | D:11     | Noticed a two-headed ogre
 15184 | D:11     | Killed a two-headed ogre
 15199 | D:11     | Reached skill level 10 in Conjurations
 15558 | D:11     | Noticed a purple ugly thing
 15580 | D:11     | Killed a purple ugly thing
 15859 | D:11     | Reached XP level 12. HP: 72/72 MP: 15/22
 16206 | Lair:1   | Entered Level 1 of the Lair of Beasts
 16461 | Lair:1   | Noticed a five-headed hydra
 16471 | Lair:1   | Killed a five-headed hydra
 16471 | Lair:1   | Reached skill level 5 in Stealth
 16560 | Lair:1   | Got an ichor-stained war axe
 16561 | Lair:1   | Identified the +7 war axe of Soator {freeze, rC+ Str+6 Dex-2} (You found it on level 1 of the Lair of Beasts)
 16693 | Lair:1   | Reached ***** piety under Vehumet
 16751 | Lair:1   | Offered knowledge of Bolt of Magma by Vehumet.
 16751 | Lair:1   | Reached skill level 9 in Dodging
 16813 | Lair:1   | Learned a level 4 spell: Airstrike
 17819 | Lair:2   | Reached skill level 1 in Staves
 18047 | Lair:2   | Noticed a catoblepas
 18064 | Lair:2   | Killed a catoblepas
 18479 | Lair:2   | Reached skill level 10 in Dodging
 18853 | Lair:2   | Found a staircase to the Shoals.
 19399 | Lair:3   | Reached XP level 13. HP: 80/80 MP: 15/23
 19888 | Lair:3   | Reached skill level 10 in Fighting
 20496 | Lair:3   | Found a hole to the Spider Nest.
 20500 | Lair:3   | Reached skill level 5 in Evocations
 20842 | Lair:3   | Got an ancient leather armour
 20853 | Lair:3   | Identified the +3 leather armour of Wisdom {*Corrode Int+2 Dex+4 Stlth+} (You found it on level 3 of the Lair of Beasts)
 21011 | Lair:4   | Found a labyrinth entrance.
 21016 | Lab      | Entered a labyrinth
 21667 | Lab      | Noticed a minotaur
 21702 | Lab      | Killed a minotaur
 21706 | Lab      | Got a vibrating ivory ring
 21711 | Lab      | Identified Sif Muna's Reference Book on Beguiling
 21717 | Lab      | Got a twitching marble ring
 21744 | Lab      | Identified the ring "Anuogam" {*Tele rElec Str-3 Int+3 Dex+8} (You found it in a labyrinth)
 21747 | Lab      | Identified the ring of Xuliref {rC+ Str+4 Stlth+} (You took it off a minotaur in a labyrinth)
 21981 | Lair:4   | Reached skill level 10 in Air Magic
 23422 | Lair:5   | Found a staircase to the Slime Pits.
 24033 | Lair:5   | Offered knowledge of Bolt of Fire by Vehumet.
 24733 | Lair:6   | Entered Level 6 of the Lair of Beasts
 24768 | Lair:6   | Found a frozen archway.
 25618 | Lair:6   | Gained mutation: You can fly continuously. [Tengu growth]
 25618 | Lair:6   | Reached XP level 14. HP: 63/88 MP: 9/25
 25796 | Lair:6   | Noticed a dire elephant
 25811 | Lair:6   | Killed a dire elephant
 26105 | Lair:6   | Found a burning altar of Makhleb.
 26888 | Lair:6   | Noticed a dire elephant
 27123 | Lair:6   | Reached skill level 11 in Dodging
 27966 | Lair:6   | Killed a dire elephant
 28201 | Lair:6   | Found a gateway to Hell.
 28455 | D:12     | Reached skill level 12 in Dodging
 28766 | D:12     | Offered knowledge of Iron Shot by Vehumet.
 29242 | Orc:1    | Entered Level 1 of the Orcish Mines
 29504 | Orc:2    | Entered Level 2 of the Orcish Mines
 29521 | Orc:2    | Noticed Erolcha
 29640 | Orc:2    | Killed Erolcha
 29939 | Orc:2    | Found a staircase to the Elven Halls.
 30694 | Orc:1    | Found a roughly hewn altar of Beogh.
 31225 | Orc:2    | Reached skill level 13 in Dodging
 31251 | Orc:2    | Reached XP level 15. HP: 73/92 MP: 23/26
 31644 | Orc:2    | Found Jiptye's Assorted Antiques.
 31886 | Orc:2    | Found a roughly hewn altar of Beogh.
 31916 | Orc:2    | Found Fop Wuve's Antique Armour Boutique.
 31927 | Orc:2    | Found Doazipro's General Store.
 31928 | Orc:2    | Found Cehu Vov's Food Boutique.
 31936 | Orc:2    | Bought a scroll of identify for 26 gold pieces
 31936 | Orc:2    | Bought a scroll of teleportation for 39 gold pieces
 31936 | Orc:2    | Bought a potion of agility for 52 gold pieces
 31936 | Orc:2    | Bought a scroll of identify for 26 gold pieces
 32148 | Orc:2    | Bought a scroll labeled MUYRPH MILA for 31 gold pieces
 32148 | Orc:2    | Bought a potion of curing for 93 gold pieces
 32148 | Orc:2    | Bought a yellow potion for 27 gold pieces
 32154 | Orc:2    | Bought a glowing cloak for 240 gold pieces
 32612 | D:12     | Found a portal to a secret trove of treasure.
 33058 | D:12     | Learned a level 5 spell: Lightning Bolt
 33186 | D:13     | Found a gate to the Vaults.
 33186 | D:13     | Noticed Nessos
 33257 | D:13     | Noticed soepske's ghost (journeyman DsFi)
 33277 | D:13     | Killed soepske's ghost
 33880 | D:13     | Offered knowledge of Ozocubu's Refrigeration by Vehumet.
 33986 | D:13     | Killed Nessos
 33986 | D:13     | Reached skill level 14 in Dodging
 35552 | D:15     | Entered Level 15 of the Dungeon
 35569 | D:15     | Learned a level 3 spell: Regeneration
 35860 | Spider:1 | Entered Level 1 of the Spider Nest
 37290 | Spider:1 | Identified a scroll of acquirement
 38004 | Spider:1 | Reached XP level 16. HP: 100/100 MP: 14/29
 38484 | Spider:1 | Slain by a redback

Skill      XL: |  1  2  3  4  5  6  7  8  9 10 11 12 13 14 15 |
---------------+----------------------------------------------+-----
Conjurations   | 2 3 4 6 7 8 10 12 13 | 13.0
Air Magic      | 5 6 7 8 9 11 13 | 13.0
Spellcasting   | 3 4 5 6 7 8 |  8.0
Fighting       | 1 2 3 4 5 7 9 10 11 | 11.4
Dodging        | 3 5 8 10 13 14 | 14.6
Stealth        | 3 4 6 9 |  9.0
Short Blades   | 1 3 5 |  5.1
Armour         | 3 |  3.7
Poison Magic   | 2 |  2.0
Charms         | 1 2 |  2.0
Fire Magic     | 3 4 6 |  6.0
Shields        | 4 |  4.0
Evocations     | 4 5 6 8 |  8.0
Staves         | 4 |  4.2

Action                   |  1- 3 |  4- 6 |  7- 9 | 10-12 | 13-15 | 16-18 || total
-------------------------+-------+-------+-------+-------+-------+-------++-------
Melee: Unarmed           |    21 |     1 |       |       |       |       ||    22
       Kick              |     4 |     2 |    15 |    60 |   147 |     4 ||   232
       Peck              |     5 |     1 |     7 |    37 |    73 |     2 ||   125
       Short sword       |       |     8 |     2 |       |       |       ||    10
       Dagger            |       |       |    64 |   231 |   235 |     6 ||   536
       Staff             |       |       |       |     9 |   103 |     4 ||   116
Throw: Stone             |     6 |       |     5 |     3 |       |       ||    14
       Tomahawk          |       |       |       |    13 |    26 |       ||    39
       Throwing net      |       |       |       |     1 |       |       ||     1
       Javelin           |       |       |       |       |       |     2 ||     2
 Cast: Shock             |    70 |   128 |   237 |   466 |   365 |    10 ||  1276
       Swiftness         |     1 |     2 |     5 |       |     2 |       ||    10
       Static Discharge  |       |     6 |    17 |    12 |    19 |     3 ||    57
       Sting             |       |       |    62 |    80 |    30 |       ||   172
       Conjure Flame     |       |       |     8 |    30 |    11 |       ||    49
       Sticky Flame      |       |       |       |    67 |   149 |     5 ||   221
       Mephitic Cloud    |       |       |       |    33 |    76 |     3 ||   112
       Airstrike         |       |       |       |    20 |   285 |     7 ||   312
       Lightning Bolt    |       |       |       |       |    31 |     3 ||    34
 Abil: Fly               |       |       |    26 |    31 |    16 |       ||    73
Evoke: Wand              |       |       |       |    31 |    75 |     3 ||   109
       Staff of energy   |       |       |       |     2 |     2 |       ||     4
       Lamp of fire      |       |       |       |       |     3 |     1 ||     4
  Use: Potion            |     1 |       |     2 |       |     8 |     4 ||    15
       Scroll            |       |     9 |     6 |     5 |    12 |     3 ||    35
 Stab: Sleeping          |     1 |     1 |     1 |     5 |     3 |     1 ||    12
       Distracted        |       |       |     1 |       |     1 |       ||     2
       Confused          |       |       |       |     6 |    17 |     1 ||    24
       Invisible         |       |       |       |       |     5 |       ||     5
  Eat: Chunk             |     3 |     8 |    21 |    30 |    34 |       ||    96
       Ration            |       |       |     1 |     4 |    11 |     1 ||    17
Armor: Robe              |    11 |     2 |     2 |       |       |       ||    15
       Leather armour    |       |       |    14 |    18 |    65 |    10 ||   107
       Troll leather arm |       |       |       |    23 |     1 |       ||    24
Dodge: Dodged            |    49 |    22 |    89 |   218 |   517 |    86 ||   981
Block: Buckler           |       |       |       |    38 |   135 |    23 ||   196
